 Dungeon Crawl Stone Soup version 0.21.1-1-g345015fe64 (webtiles) character file.

648 Htamos the Destroyer (level 7, 0/36 HPs)
             Began as a Deep Elf Conjurer on July 12, 2018.
             Slain by a gnoll
             ... wielding a cursed +0 spear
              (4 damage)
             ... on level 5 of the Dungeon.
             The game lasted 00:14:56 (6093 turns).

Htamos the Destroyer (Deep Elf Conjurer)            Turns: 6093, Time: 00:14:56

Health: 0/36       AC:  2    Str:  5    XL:     7   Next: 27%
Magic:  9/18       EV: 13    Int: 22    God:
Gold:   337        SH:  0    Dex: 15    Spells: 14/19 levels left

rFire    . . .     SeeInvis .   q - +0 dagger (venom)
rCold    . . .     Gourm    .   (no shield)
rNeg     . . .     Faith    .   a - +0 robe
rPois    .         Spirit   .   (no helmet)
rElec    .         Reflect  .   (no cloak)
rCorr    .         Harm     .   (no gloves)
MR       .....                  (no boots)
Stlth    ++........             (no amulet)
HPRegen  0.12/turn              (no ring)
MPRegen  0.16/turn              (no ring)

@: no status effects
A: no striking features
a: no special abilities


You were on level 5 of the Dungeon.
You were not hungry.

You visited 1 branch of the dungeon, and saw 5 of its levels.

You collected 337 gold pieces.

Inventory:

Hand Weapons
 d - a +0 short sword
 j - a +2 falchion of holy wrath
 m - a +2 whip of flaming
 q - a +0 dagger of venom (weapon)
 v - a +0 hunting sling
Missiles
 e - 126 stones (quivered)
 n - 2 throwing nets
 o - 38 sling bullets
 p - 46 arrows
Armour
 a - a +0 robe (worn)
 g - a +0 pair of boots
 r - a +0 ring mail
 t - a +0 leather armour
Wands
 u - a wand of flame (37)
Scrolls
 h - 2 scrolls of noise
 k - 2 scrolls of amnesia {unknown}
Potions
 f - a potion of lignification
 i - 2 potions of degeneration {unknown}
 l - 2 potions of curing
 s - a potion of magic {unknown}
 w - 2 potions of agility {unknown}
Books
 b - a book of Conjurations

   Spells                             Type                      Level
   a - Magic Dart                     Conjuration                  1
   b - Searing Ray                    Conjuration                  2
   c - Dazzling Spray                 Conjuration/Hexes            3
   d - Fulminant Prism                Conjuration/Hexes            4
   e - Force Lance                    Conjuration/Translocation    4
   f - Iskenderun's Mystic Blast      Conjuration                  4
Comestibles
 c - 8 rations


   Skills:
 - Level 2.4 Dodging
 - Level 2.4 Stealth
 + Level 6.5 Spellcasting
 * Level 8.3 Conjurations
 + Level 0.9 Translocations


You had 14 spell levels left.
You knew the following spells:

 Your Spells              Type           Power        Failure   Level  Hunger
a - Magic Dart            Conj           ####         1%          1    None
b - Force Lance           Conj/Tloc      ####....     12%         4    ###....


Dungeon Overview and Level Annotations

Branches:
Dungeon (5/15)             Temple (0/1) D:4

Altars:
Nemelex Xobeh
Zin

Annotations:
D:4 Analysis's ghost, amateur GrFi; Edmund


Message History

The gnoll is moderately wounded.
The gnoll hits you from afar with a spear!
Casting: Magic Dart
Confirm with . or Enter, or press ? or * to list all spells.
Aiming: Magic Dart
Press: ? - help, Shift-Dir - straight line, f/p - gnoll
Aim: a gnoll, wielding a spear (moderately wounded)
The magic dart hits the gnoll.
The gnoll is heavily wounded.
The gnoll hits you from afar with a spear!
* * * LOW HITPOINT WARNING * * *
Casting: Magic Dart
Confirm with . or Enter, or press ? or * to list all spells.
Aiming: Magic Dart
Press: ? - help, Shift-Dir - straight line, f/p - gnoll
Aim: a gnoll, wielding a spear (heavily wounded)
The magic dart hits the gnoll.
The gnoll is severely wounded.
The gnoll hits you from afar with a spear.
You die...

≈≈≈≈≈≈≈..g.≈≈≈≈≈≈≈≈≈≈≈≈≈≈
........................
..>......).g............
.######.........)#...##
#.#####).#[#...# #.#
##g#)#...###### #.#
#g#).......... #.#
#[#)#...####### #.
#.@.#..<.......
##)##.).#......
#.^#.......... ##
##.#..........
...####.##.##.....#
...................
.........#.##.....#
.........#.....##.
.........#.....#


You could see 2 gnolls.

Vanquished Creatures
  A jelly (D:3)
  A gnoll shaman (D:5)
  2 orc priests (D:3)
  An orc wizard (D:4)
  Jessica (D:3)
  2 worker ants
  25 gnolls
  4 adders
  2 shadow imps (D:3)
  An ooze (D:2)
  3 worms
  4 dart slugs
  2 leopard geckos
  12 orcs
  6 giant cockroaches
  8 goblins
  4 hobgoblins
  8 jackals
  10 kobolds
  11 bats
  7 frilled lizards
  A leopard gecko skeleton (D:3)
  5 rats
  A plant (D:3)
122 creatures vanquished.

Notes
Turn   | Place    | Note
-------+----------+-------------------------------------------
     0 | D:1      | Htamos the Deep Elf Conjurer began the quest for the Orb.
     0 | D:1      | Reached XP level 1. HP: 10/10 MP: 6/6
   413 | D:1      | Reached XP level 2. HP: 15/15 MP: 6/8
   453 | D:1      | Reached skill level 5 in Conjurations
   811 | D:2      | Reached XP level 3. HP: 19/19 MP: 4/9
  1046 | D:2      | Reached XP level 4. HP: 24/24 MP: 6/11
  1108 | D:2      | Reached skill level 6 in Conjurations
  1235 | D:2      | Found a glowing silver altar of Zin.
  1793 | D:2      | Found a sparkling altar of Nemelex Xobeh.
  2049 | D:3      | Found a transporter.
  2120 | D:3      | Found a transporter.
  2124 | D:3      | Noticed Jessica
  2134 | D:3      | Killed Jessica
  2134 | D:3      | Reached XP level 5. HP: 28/28 MP: 10/13
  3188 | D:3      | Reached skill level 7 in Conjurations
  3563 | D:3      | Reached skill level 5 in Spellcasting
  3570 | D:3      | Reached XP level 6. HP: 24/32 MP: 2/15
  3789 | D:4      | Noticed Analysis's ghost (amateur GrFi)
  3803 | D:3      | Learned a level 4 spell: Force Lance
  4137 | D:4      | Found a staircase to the Ecumenical Temple.
  4478 | D:4      | Noticed Edmund
  4833 | D:5      | Entered Level 5 of the Dungeon
  5323 | D:5      | Reached skill level 8 in Conjurations
  5421 | D:5      | Reached XP level 7. HP: 22/36 MP: 8/18
  6093 | D:5      | Slain by a gnoll

Skill      XL: |  1  2  3  4  5  6 |
---------------+-------------------+-----
Conjurations   | 5 6 7 8 |  8.3
Spellcasting   | 4 5 6 |  6.5
Dodging        | |  2.4
Stealth        | |  2.4
Translocations | |  0.9

Action                   |  1- 3 |  4- 6 |  7- 9 || total
-------------------------+-------+-------+-------++-------
Melee: Dagger            |       |    68 |    16 ||    84
 Cast: Magic Dart        |    50 |   247 |    52 ||   349
       Force Lance       |       |     3 |       ||     3
  Use: Scroll            |       |    12 |       ||    12
       Potion            |       |     1 |       ||     1
  Eat: Chunk             |       |    11 |     2 ||    13
       Ration            |       |     1 |       ||     1
Armor: Robe              |       |     9 |       ||     9
       Skin              |       |     7 |       ||     7
Dodge: Dodged            |     5 |    48 |    21 ||    74
